 Dungeon Crawl Stone Soup version 0.20.1-1-g8b1a95d (webtiles) character file.

104 Lanoc the Charmwright (level 4, 0/37 HPs)
             Began as a Demonspawn Skald on Dec 9, 2017.
             Slain by Sigmund
             ... wielding a +0 scythe
              (10 damage)
             ... on level 2 of the Dungeon.
             The game lasted 00:05:33 (1946 turns).

Lanoc the Charmwright (Demonspawn Skald)            Turns: 1946, Time: 00:05:34

Health: 0/37       AC:  3    Str: 11    XL:     4   Next: 52%
Magic:  7/7        EV: 11    Int: 14    God:
Gold:   90         SH:  0    Dex: 14    Spells: 0/8 levels left

rFire    . . .     SeeInvis .   a - +0 falchion
rCold    . . .     Gourm    .   (no shield)
rNeg     . . .     Faith    .   b - +0 leather armour
rPois    .         Spirit   .   (helmet restricted)
rElec    .         Reflect  .   (no cloak)
rCorr    .         Harm     .   (no gloves)
MR       +....                  (no boots)
Stlth    +.........             (no amulet)
Regen    0.2/turn               (no ring)
MPRegen  0.1/turn               (no ring)

@: hasted, drained, very quick
A: antennae 1, claws 2, magic resistance 1, robust 1
a: no special abilities


You were on level 2 of the Dungeon.
You were hungry.

You visited 1 branch of the dungeon, and saw 2 of its levels.

You collected 90 gold pieces.

Inventory:

Hand Weapons
 a - a +0 falchion (weapon)
Armour
 b - a +0 leather armour (worn)
Scrolls
 g - a scroll of teleportation
Potions
 i - a potion of haste
 n - a potion of lignification
Books
 c - a book of Battle

   Spells                             Type                      Level
   a - Infusion                       Charms                       1
   b - Shroud of Golubria             Charms/Translocation         2
   c - Song of Slaying                Charms                       2
   d - Spectral Weapon                Hexes/Charms                 3
   e - Regeneration                   Charms/Necromancy            3
Comestibles
 d - 2 bread rations
 f - a royal jelly
 m - a meat ration


   Skills:
 + Level 2.4(1.3) Fighting
 + Level 2.3(1.3) Long Blades
 + Level 1.5(0.5) Armour
 + Level 2.2(1.1) Dodging
 + Level 2.6(1.5) Spellcasting
 * Level 3.4(2.3) Charms


You couldn't memorise any spells.
You knew the following spells:

 Your Spells              Type           Power        Failure   Level  Hunger
a - Infusion              Chrm           #...         12%         1    ##.....
b - Song of Slaying       Chrm           #.......     19%         2    ###....
c - Regeneration          Chrm/Necr      #.........   52%         3    ####...
d - Shroud of Golubria    Chrm/Tloc      #.........   30%         2    ###....


Dungeon Overview and Level Annotations

Branches:
Dungeon (2/15)

Altars:

Annotations:
D:2 Sigmund


Innate Abilities, Weirdness & Mutations

You have very sharp fingernails.
You have a pair of small antennae on your head.
You are resistant to hostile enchantments. (MR+)
You are robust. (+10% HP)


Message History

You hit the hobgoblin.
You kill the hobgoblin!
Sigmund barely misses you.
You cannot move.
Sigmund hits you but does no damage.
As you read the scroll labeled WYNLUE YNYKLESH, it crumbles to dust.
You feel a strange sense of stasis.
It was a scroll of teleportation.
As you read the scroll labeled MIBRYE LEMADOQ, it crumbles to dust.
The dust glows bright azure!
It was a scroll of random uselessness.
Sigmund hits you but does no damage.
You feel less wooden.
Your +0 leather armour unmelds from your body.
Sigmund hits you from afar with a scythe!
* * * LOW HITPOINT WARNING * * *
Okay, then.
Found a scroll labeled QIESHUTWUST.
You hit Sigmund.
Sigmund is lightly wounded.
Sigmund hits you with a scythe!
You die...

#..(. # .# ### #((.. .#.
... ..# ###....
...#####.# #.# #.).###
#.....?#.# #.# #.###
#......#.# #.# #.#####
#.$....#.# #.# #......
#.....@#.#####.#######.(
#......@)...............
#......).(....########.#
#......†......# #.#
##.#..........# ######)#
# ##.##+###### #...|..#
#. ####......# ##
#.........# #.........#
#........##


You could see Sigmund.

Vanquished Creatures
  Terence (D:2)
  An adder (D:2)
  5 oozes
  2 dart slugs (D:1)
  A leopard gecko (D:2)
  A ball python (D:2)
  5 giant cockroaches
  10 hobgoblins
  5 kobolds
  2 bats (D:2)
  5 goblins
  2 rats
40 creatures vanquished.

Notes
Turn   | Place    | Note
-------+----------+-------------------------------------------
     0 | D:1      | Lanoc the Demonspawn Skald began the quest for the Orb.
     0 | D:1      | Reached XP level 1. HP: 16/16 MP: 3/3
    96 | D:1      | Gained mutation: You have sharp fingernails. [demonic ancestry]
    96 | D:1      | Reached XP level 2. HP: 19/22 MP: 5/5
   159 | D:1      | Reached skill level 1 in Armour
   345 | D:1      | Reached skill level 3 in Charms
   410 | D:1      | Gained mutation: You have very sharp fingernails. [demonic ancestry]
   410 | D:1      | Reached XP level 3. HP: 27/27 MP: 6/6
  1237 | D:2      | Noticed Terence
  1267 | D:2      | Killed Terence
  1267 | D:2      | Reached XP level 4. HP: 5/33 MP: 1/7
  1604 | D:2      | Learned a level 2 spell: Song of Slaying
  1608 | D:2      | Learned a level 3 spell: Regeneration
  1611 | D:2      | Learned a level 2 spell: Shroud of Golubria
  1914 | D:2      | Noticed Sigmund
  1918 | D:2      | Gained mutation: You have a pair of small antennae on your head. [potion of mutation]
  1918 | D:2      | Gained mutation: You are robust. (+10% HP) [potion of mutation]
  1918 | D:2      | Gained mutation: You are resistant to hostile enchantments. (MR+) [potion of mutation]
  1946 | D:2      | Slain by Sigmund

Skill      XL: |  1  2 |
---------------+-------+-----
Armour         | 1 |  1.5
Dodging        | 2 |  2.2
Charms         | 3 |  3.4
Long Blades    | 2 |  2.3
Fighting       | |  2.4
Spellcasting   | |  2.6

Action                   |  1- 3 |  4- 6 || total
-------------------------+-------+-------++-------
Melee: Falchion          |   107 |    51 ||   158
 Cast: Infusion          |     3 |       ||     3
       Song of Slaying   |       |     1 ||     1
  Use: Potion            |       |     4 ||     4
       Scroll            |       |     2 ||     2
 Stab: Sleeping          |     1 |       ||     1
  Eat: Chunk             |     1 |     1 ||     2
       Fruit             |       |     1 ||     1
Armor: Leather armour    |    20 |    10 ||    30
       Skin              |       |    29 ||    29
Dodge: Dodged            |    71 |    43 ||   114
       Rpst.: Falchion   |    18 |    12 ||    30
